AoeStats
← TheBarkingGecko

Highland

506993204Analyzed
2v2 RM · 17d ago on Sep 16, 2026· 46m 1s· 4 players
Game mode
Random Map
Map size
Medium (4 player)
Population
200
Speed
Normal
Resources
Standard
Victory
Conquest
Starting age
Dark Age
Ending age
Imperial Age
RankedLock teamsTeams togetherTeam positionsShared explorationLock speedFull tech treeHidden civsTurbo modeCheats
Victory
Defeat
🇧🇴 Malians · Bolivia
942
+11
🇧🇷 Chinese · Brazil
938
+11
🇦🇺 Britons · Australia
848
-11
🇦🇺 Saracens · Australia
821
-11
Zap!
0:28 Loom
10:45 Feudal Age
16:50 Fletching
20:22 Castle Age
19:49 Fletching
22:16 Wheelbarrow
22:04 Crossbowman
23:13 Bodkin Arrow
25:10 Padded Archer Armor
25:11 Double-Bit Axe
26:53 Hand Cart
29:15 Thumb Ring
30:21 Gold Mining
36:38 Imperial Age
35:28 Leather Archer Armor
38:27 Conscription
37:56 Arson
37:57 Horse Collar
38:21 Bracer
38:13 Arbalester
39:16 Stone Mining
40:48 Bow Saw
41:38 Ballistics
42:20 Chemistry
41:34 Town Watch
42:15 Squires
42:02 Arson
42:35 Caravan
46:02 Rocketry
45:39 Heavy Rocket Cart
Super Kaute
11:16 Feudal Age
12:37 Double-Bit Axe
12:35 Horse Collar
17:31 Castle Age
20:29 Heavy Plow
20:44 Bow Saw
21:38 Wheelbarrow
21:05 Man-at-Arms
22:41 Arson
26:01 Scale Mail Armor
27:42 Hand Cart
28:54 Squires
28:15 Long Swordsman
29:14 Chain Mail Armor
31:26 Stone Mining
31:29 Gold Mining
34:22 Imperial Age
32:02 Pikeman
32:57 Forging
33:43 Gold Shaft Mining
34:52 Iron Casting
35:39 Plate Mail Armor
34:33 Two-Handed Swordsman
40:33 Champion
40:36 Capped Ram
43:02 Caravan
44:44 Elite Gbeto
Gabos3083
2:44 Loom
12:04 Feudal Age
13:19 Double-Bit Axe
20:20 Bloodlines
24:44 Castle Age
23:01 Gold Mining
23:39 Forging
23:37 Scale Barding Armor
23:31 Stone Mining
25:57 Medium Warships
26:00 Husbandry
26:26 Chain Barding Armor
26:41 Iron Casting
26:40 Bow Saw
30:44 Wheelbarrow
31:00 Gold Shaft Mining
33:09 Imperial Age
34:40 Wheelbarrow
35:20 Chemistry
34:16 Fishing Lines
34:07 Heavy Camel Rider
35:28 Plate Barding Armor
36:00 Blast Furnace
35:25 Gillnets
35:43 Town Watch
36:47 Horse Collar
39:23 Caravan
38:50 Light Cavalry
39:34 Squires
39:19 Gambesons
38:57 Man-at-Arms
39:43 Scale Mail Armor
39:34 Fletching
39:45 Padded Archer Armor
41:24 Chain Mail Armor
40:40 Long Swordsman
42:11 Hand Cart
41:33 Two-Handed Swordsman
TheBarkingGecko
0:37 Loom
12:05 Feudal Age
12:57 Double-Bit Axe
18:53 Horse Collar
22:17 Castle Age
22:35 Forging
23:16 Wheelbarrow
22:42 Gold Mining
22:42 Stone Mining
22:41 Man-at-Arms
23:54 Fletching
24:05 Padded Archer Armor
24:18 Arson
26:26 Bodkin Arrow
27:07 Iron Casting
26:49 Leather Archer Armor
27:09 Iron Casting
28:37 Long Swordsman
30:30 Squires
31:13 Hand Cart
32:31 Bow Saw
33:08 Gold Shaft Mining
34:05 Heavy Plow
35:20 Caravan
Connection lost

Rejoining the realm…

Still unreachable

The connection could not be restored.

Session expired

The server has moved on; the page needs a fresh start.